 Dungeon Crawl Stone Soup version 0.27.1-1-g398f81649c (webtiles) character file.

Game seed: 1761711502576383065

117 Rickety the Sneak (level 4, -1/21 HPs)
             Began as a Spriggan Enchanter on Sept 13, 2021.
             Slain by a goblin (5 damage)
             ... led by Robin
             ... on level 2 of the Dungeon.
             The game lasted 00:08:50 (3284 turns).

Rickety the Sneak (Spriggan Enchanter)              Turns: 3284, Time: 00:08:51

Health: -1/21      AC:  2    Str:  4    XL:     4   Next: 71%
Magic:  3/8        EV: 17    Int: 18    God:
Gold:   55         SH:  0    Dex: 16    Spells: 0/9 levels left

rFire    . . .     SeeInvis +   a - +1 dagger (venom)
rCold    . . .     Faith    .   (shield restricted)
rNeg     . . .     Spirit   .   b - +0 robe
rPois    .         Reflect  .   (helmet restricted)
rElec    .         Harm     .   (no cloak)
rCorr    .         Rampage  .   (gloves unavailable)
Will     .....                  (boots unavailable)
Stlth    ++++......             (no amulet)
HPRegen  0.07/turn              (no ring)
MPRegen  0.11/turn              (no ring)

@: very quick
A: very small, no large weapons, unfitting armour, see invisible, speed 3,
clever 1, low mp 1
a: no special abilities


You were on level 2 of the Dungeon.
You visited 1 branch of the dungeon, and saw 2 of its levels.

You collected 55 gold pieces.

Inventory:

Hand Weapons
 a - a +1 dagger of venom (weapon)
 o - a +1 dagger
Missiles
 n - 19 poisoned darts
Armour
 b - a +0 robe (worn)
Scrolls
 c - 2 scrolls of vulnerability {unknown}
 e - a scroll of magic mapping {unknown}
 g - a scroll of silence {unknown}
 h - a scroll of brand weapon {unknown}
 k - a scroll of fog {unknown}
 l - a scroll of identify {unknown}
 m - 3 scrolls of enchant weapon {unknown}
Potions
 d - a potion of resistance {unknown}
 f - a potion of degeneration {unknown}
 i - a potion of mutation
 j - a potion of flight {unknown}


   Skills:
 + Level 0.1 Fighting
 + Level 1.7 Short Blades
 + Level 2.7 Dodging
 * Level 7.0 Stealth
 + Level 3.2 Spellcasting
 + Level 4.1 Hexes
 + Level 0.8 Ice Magic


You couldn't memorise any spells.
You knew the following spells:

 Your Spells              Type           Power      Damage    Failure   Level
a - Corona                Hex            18%        N/A       3%          1
b - Ensorcelled Hibernat  Hex/Ice        22%        N/A       9%          2
c - Confusing Touch       Hex            17%        N/A       9%          3
d - Dazzling Flash        Conj/Hex       20%        N/A       21%         3

Your spell library contained the following spells:

 Spells                   Type           Power      Damage    Failure   Level
 Tukima's Dance           Hex            17%        N/A       9%          3
 Static Discharge         Conj/Air       2%         N/A       24%         2
 Dispel Undead            Necr           2%         3d7       85%         4
 Sticky Flame             Conj/Fire      2%         2d3       85%         4


Dungeon Overview and Level Annotations

Branches:
Dungeon (2/15)

Altars:

Shops:
D:1 !*

Annotations:
D:2 Robin


Innate Abilities, Weirdness & Mutations

You are very small and have problems with some larger weapons.
You are too small for most types of armour.
You have supernaturally acute eyesight. (SInv)
You cover ground extremely quickly. (Speed+++)
Your mind is acute. (Int +2)
Your magical capacity is low. (-10% MP)


Message History

You kill the goblin!
The hobgoblin misses you.
You see here a +1 dagger of venom.
o - a +1 dagger of venom Adjust (i)tems, (s)pells, or (a)bilities?
o - a +1 dagger of venom Adjust to which letter? (? for menu, Esc to quit)
a - a +1 dagger of venom;
o - a +1 dagger (weapon)
Your +1 dagger of venom begins to drip with poison!
a - a +1 dagger of venom (weapon)
The hobgoblin hits you. Robin throws the goblin at you!
You closely miss the goblin. The goblin hits you with a +0 dagger.
The hobgoblin misses you.
Your magical contamination has completely faded away.
You closely miss the goblin. The goblin completely misses you.
The hobgoblin closely misses you.
You miss the goblin. The goblin hits you with a +0 dagger.
The hobgoblin misses you.
You closely miss the goblin. The goblin hits you with a +0 dagger.
The hobgoblin completely misses you.
Robin says, "Kneel, worm!"
You closely miss the goblin. The goblin barely misses you.
The hobgoblin hits you.
* * * LOW HITPOINT WARNING * * *
Casting: Ensorcelled Hibernation (safe; 10% risk of failure)
Confirm with . or Enter, or press ? or * to list all spells.
You don't have enough magic to cast this spell.
It was a potion of mutation.
You feel extremely strange.
You feel clever.
You feel less energetic. The goblin closely misses you.
The hobgoblin barely misses you.
You hit the goblin.
The goblin is poisoned.
The goblin is severely wounded.
You kill the goblin!
The hobgoblin closely misses you.
Things that are here:
a +0 dagger; a goblin corpse Robin throws the goblin at you!
The goblin unwields a +0 hunting sling.
The goblin wields a +0 club.
The goblin hits you with a +0 club.
You die...

. .. ... .... ....
#######..# ##g.)g.)g.#
#.@######..# ?### ##.##
#### ... ....
########..#####..# # ##
#.......####.#.#.# ...#
#.#######.#..#...# #..
#.####.#...#..)#.###
#..
#........#...#.))..##
###
######.#...#...#.#.†###
# ####.#..#...#....####


You could see Robin, a hobgoblin (strong) and a goblin (strong).

Vanquished Creatures
  Natasha (D:1)
  3 adders (D:2)
  A dart slug (D:1)
  2 bats (D:1)
  5 endoplasms
  A giant cockroach (D:1)
  20 goblins
  8 hobgoblins
  A jackal (D:1)
  2 ball pythons (D:1)
  6 frilled lizards (D:1)
  2 kobolds
  6 rats
58 creatures vanquished.

Notes
Turn   | Place    | Note
-------+----------+-------------------------------------------
     0 | D:1      | Rickety the Spriggan Enchanter began the quest for the Orb.
     0 | D:1      | Reached XP level 1. HP: 9/9 MP: 5/5
   296 | D:1      | Reached skill level 5 in Stealth
   304 | D:1      | Reached XP level 2. HP: 12/13 MP: 4/6
   311 | D:1      | Learned a level 2 spell: Ensorcelled Hibernation
   423 | D:1      | Found a faded altar of an unknown god.
   682 | D:1      | Reached XP level 3. HP: 13/16 MP: 0/8
  1060 | D:1      | Found Porusa Purch's Distillery.
  1298 | D:1      | Reached skill level 6 in Stealth
  1732 | D:1      | Found Piurauq's General Store.
  1945 | D:2      | Noticed Robin
  2444 | D:1      | Learned a level 3 spell: Confusing Touch
  2801 | D:2      | Noticed Natasha
  2830 | D:2      | Reached XP level 4. HP: 16/21 MP: 6/9
  2842 | D:1      | Learned a level 3 spell: Dazzling Flash
  2962 | D:1      | Killed Natasha
  3267 | D:2      | Reached skill level 7 in Stealth
  3280 | D:2      | Gained mutation: Your mind is acute. (Int +2) [potion of
                  | mutation]
  3280 | D:2      | Gained mutation: Your magical capacity is low. (-10% MP)
                  | [potion of mutation]
  3284 | D:2      | Slain by a goblin

Illustrated notes

Levels and vault maps discovered:
D:1:      matt_arrival_grand_opening, layout_basic, serial_shops, shop,
          nicolae_shop_trees, basic_ecumenical_altar, minmay_domino_4
D:2:      minmay_spotlight, layout_rooms, minmay_lizard_pond, uniq_natasha,
          uniq_robin

Skill      XL: |  1  2  3  4 |
---------------+-------------+-----
Stealth        | 5 6 7 |  7.0
Spellcasting   | 3 |  3.2
Hexes          | 4 |  4.1
Fighting       | |  0.1
Short Blades   | |  1.7
Dodging        | |  2.7
Ice Magic      | |  0.8

Action                   |  1- 3 |  4- 6 || total
-------------------------+-------+-------++-------
Melee: Dagger            |   117 |    17 ||   134
 Cast: Corona            |     6 |       ||     6
       Ensorcelled Hiber |    37 |    13 ||    50
  Use: Potion            |       |     1 ||     1
 Stab: Sleeping          |    34 |     7 ||    41
Armor: Robe              |    15 |     1 ||    16
Dodge: Dodged            |    83 |    23 ||   106
